 Dungeon Crawl Stone Soup version 0.30-a0-297-g0ec75d9ef4 (webtiles) character file.

Game seed: 7221921313083663127

738 kae the Insei (level 7, 0/58 HPs)
             Began as a Red Draconian Transmuter on Oct 19, 2022.
             Slain by a gnoll
             ... wielding a +0 whip
              (5 damage)
             ... on level 4 of the Dungeon.
             The game lasted 00:06:47 (5149 turns).

kae the Insei (Red Draconian Transmuter)            Turns: 5149, Time: 00:06:47

Health: 0/58       AC:  2    Str: 12    XL:     7   Next: 46%
Magic:  12/12      EV: 19    Int: 15    God:
Gold:   283        SH:  0    Dex: 17    Spells: 2/12 levels left

rFire   . . .      SeeInvis .      - Unarmed
rCold   + . .      Faith    .    (shield currently unavailable)
rNeg    . . .      Spirit   .    (body armour unavailable)
rPois   x          Reflect  .    (helmet currently unavailable)
rElec   .          Harm     .    (cloak currently unavailable)
rCorr   .          Rampage  .    (gloves currently unavailable)
Will    .....                    (boots currently unavailable)
Stlth   ++........               (no amulet)
HPRegen 0.29/turn                c - ring of protection from cold
MPRegen 0.13/turn                (no ring)

@: lethally poisoned (0 -> -11), spider-form (expiring)
A: venomous fangs, (breathe fire), AC +6, tiny, unfitting armour, (fire
resistance 1), (cold-blooded), (talons 1), MP-powered wands
a: End Transformation


You were on level 4 of the Dungeon.
You were a venomous arachnid creature.
You visited 1 branch of the dungeon, and saw 4 of its levels.
You also visited: Sewer.

You collected 283 gold pieces.


Innate Abilities, Weirdness & Mutations

You are a venomous arachnid creature.
You have poisonous fangs.
You are tiny and dextrous.
Your spellcasting is less reliable in this form.
Your armour is entirely melded.
You are incapable of wielding weapons or throwing items.
((You can breathe blasts of fire.))
((Your fiery red scales are hard. (AC +6)))
You cannot fit into any form of body armour.
((Your flesh is heat resistant. (rF+)))
((You are cold-blooded and may be slowed by cold attacks.))
((You have sharp toenails.))
You expend magic power (3 MP) to strengthen your wands.


   Skills:
 + Level 3.7 Fighting
 - Level 1.7 Dodging
 * Level 5.4 Unarmed Combat
 + Level 3.3 Spellcasting
 + Level 3.6 Transmutations
 * Level 1.7 Ice Magic
 - Level 2.9 Poison Magic


You had 2 spell levels left.
You knew the following spells:

 Your Spells              Type           Power      Damage    Failure   Level
a - Beastly Appendage     Tmut           26%        N/A       13%         1
b - Wereblood             Tmut           13%        N/A       19%         2
c - Spider Form           Tmut/Pois      12%        N/A       34%         3
d - Ice Form              Ice/Tmut       10%        N/A       75%         4

Your spell library contained the following spells:

 Spells                   Type           Power      Damage    Failure   Level
 Summon Guardian Golem    Hex/Summ       2%         N/A       71%         3
 Alistair's Intoxication  Tmut/Pois      8%         N/A       92%         5
 Borgnjor's Vile Clutch   Necr/Erth      1%         N/A       100%        5
 Eringya's Noxious Bog    Tmut/Pois      6%         N/A       100%        6
 Orb of Destruction       Conj           1%         9d5       100%        7
 Spellforged Servitor     Conj/Summ      1%         N/A       100%        7

Inventory:

Hand Weapons
 i - a +1 dagger of venom (melded)
   (You found it on level 3 of the Dungeon)
 k - a +0 dagger of speed
   (You took it off a goblin on level 1 of the Dungeon)
Missiles
 e - a curare-tipped dart {=f}
 g - 3 throwing nets {=f!f}
 j - 45 stones
 n - 19 poisoned darts
Magical Staves
 t - a staff of poison {!a}
   (You found it on level 4 of the Dungeon)
Jewellery
 c - a ring of protection from cold (left front leg)
   (You found it on level 3 of the Dungeon)
 C - a ring of ice
   (You found it on level 1 of the Dungeon)
Scrolls
 f - 2 scrolls of butterflies
 p - a scroll of vulnerability {unknown}
 q - 4 scrolls of identify {@r1}
 r - a scroll of summoning {unknown}
 s - a scroll of teleportation {unknown}
Potions
 a - 2 potions of brilliance {unknown}
 b - a potion of attraction {unknown}
 d - a potion of magic
 l - a potion of degeneration {!q}
 m - 3 potions of resistance {unknown}
 o - a potion of lignification {!q}

Dungeon Overview and Level Annotations

Branches:
Dungeon (4/15) Zot: 19647   Sewer (visited)
 Temple: D:4-7

Altars:

Shops:
D:3

: .......# #.## ##.#......##..
.......## #.# ###..#.####..#.#
........## #.# #...##.# ##.#.#
.....#...## #.# #.###..# #.#.#
####......####.# #.....######....
##..).........###..#.........##.
#..........##.##.....#######..#.
#..........##.g..)...# ##.#.
#......)..รท..gSs..#.## #...
#.............g......# #...
#....<.....##.#..#...#### #...
##.......<###.#.........#####..<
#..........##..#.#...).)........
#...........##.........)).......
#............#..?#.###..........
##...............................
....................###..........


You could see 3 gnolls and an adder.


Message History

Confirm with . or Enter, or press ? or * to list all spells.
You turn into a venomous arachnid creature.
Your +1 dagger of venom melds into your body.
Your +1 dagger of venom stops dripping with poison. ๐Ÿ˜Ž MP[-3]
You lost 3 mp, and now have 9/12 mp.
Your transformation is almost over.
You hit the hobgoblin but do no damage.
The hobgoblin is poisoned.
The hobgoblin barely misses you.
You hit the hobgoblin.
You kill the hobgoblin!
No target in view!
No target in view!
No target in view!
No target in view!
There is a stone staircase leading up here.
Your transformation has ended.
Your +1 dagger of venom unmelds from your body.
Your +1 dagger of venom begins to drip with poison! ๐Ÿ˜Ž MP[+2]
You regained 2 mp, and now have 11/12 mp.
Unknown command.
You see here a scroll of amnesia.
A gnoll is nearby!
A gnoll is nearby!
A gnoll is nearby! ๐Ÿ˜Ž MP[+1]
Your mp is fully restored (12).
A gnoll is nearby!
A gnoll is nearby!
A gnoll is nearby!
The gnoll shouts!
Casting: Spider Form (dangerous; 16% risk of failure)
Confirm with . or Enter, or press ? or * to list all spells.
You turn into a venomous arachnid creature.
Your +1 dagger of venom melds into your body.
Your +1 dagger of venom stops dripping with poison. ๐Ÿ˜Ž MP[-3]
You lost 3 mp, and now have 9/12 mp.
The gnoll closely misses you.
You hit the gnoll but do no damage.
The gnoll is poisoned.
The gnoll hits you with a +0 spear. ๐Ÿ˜• HP[-6]
You take 6 damage, and now have 52/58 hp.
The gnoll shouts!
You hit the gnoll.
The gnoll looks as sick as possible!
The gnoll completely misses you.
You hit the gnoll but do no damage.
The gnoll looks as sick as possible!
You kill the gnoll! ๐Ÿ˜• HP[+1]
You see here a +0 spear.
Your transformation is almost over.
The gnoll shouts!
You hear an angry hiss. ๐Ÿ˜• MP[+1]
The gnoll completely misses you.
You hit the gnoll.
The gnoll is poisoned.
The gnoll closely misses you.
You hit the gnoll but do no damage.
The gnoll looks as sick as possible!
The gnoll barely misses you.
The adder closely misses you. ๐Ÿ˜• HP[+1]
You bite the gnoll!
You kill the gnoll!
The adder barely misses you.
You closely miss the adder. The adder bites you. ๐Ÿ˜• HP[-1]
You take 1 damage, and now have 53/58 hp.
You barely miss the gnoll. The gnoll hits you with a +0 whip.
The adder bites you but does no damage.
The gnoll hits you from afar with a +2 spear of venom!
You are poisoned.
You hit the gnoll.
You feel very sick. The adder closely misses you.
The gnoll hits you with a +0 whip!
* * * LOW HITPOINT WARNING * * *
The gnoll closely misses you. x2 ๐Ÿ˜จ HP[-24]
You take 24 damage, and now have 29/58 hp.
MASSIVE DAMAGE!! (PAUSE)
You hit the gnoll.
The gnoll is poisoned.
You feel very sick. The adder closely misses you. The gnoll barely misses you.
The gnoll closely misses you.
The gnoll completely misses you. ๐Ÿ˜จ HP[-4] MP[+1]
You take 4 damage, and now have 25/58 hp.
You bite the gnoll!
The gnoll is poisoned.
You feel very sick. The adder closely misses you. The gnoll closely misses you.
The gnoll hits you from afar with a +2 spear of venom!
* * * LOW HITPOINT WARNING * * *
The gnoll hits you with a +0 whip.
* * * LOW HITPOINT WARNING * * *
๐Ÿ˜ฑ HP[-17]
You take 17 damage, and now have 8/58 hp.
MASSIVE DAMAGE!! (PAUSE) Unknown command.
Okay, then.
It was a potion of magic.
Magic courses through your body.
* * * LOW HITPOINT WARNING * * *
You feel very sick. The adder closely misses you.
The gnoll hits you with a +0 whip.
You die...

Skill      XL: |  1  2  3  4  5  6  7 |
---------------+----------------------+-----
Fighting       | 2 3 |  3.7
Poison Magic   | 2 |  2.9
Unarmed Combat | 4 5 |  5.4
Transmutations | 3 |  3.6
Spellcasting   | 3 |  3.3
Ice Magic      | 0 1 |  1.7
Dodging        | |  1.7

Action                   |  1- 3 |  4- 6 |  7- 9 || total
-------------------------+-------+-------+-------++-------
Melee: Unarmed           |    12 |   101 |    50 ||   163
       Dagger            |   102 |   175 |    11 ||   288
       Headbutt          |    13 |     5 |       ||    18
       Tailslap          |    12 |    14 |     2 ||    28
       Kick              |    19 |    24 |     3 ||    46
       Punch             |     5 |     5 |       ||    10
 Cast: Beastly Appendage |    20 |     9 |       ||    29
       Wereblood         |     1 |     2 |       ||     3
       Spider Form       |       |    14 |     7 ||    21
  Use: Scroll            |       |     7 |     1 ||     8
       Potion            |       |     4 |     1 ||     5
 Stab: Sleeping          |     1 |       |       ||     1
Armor: Skin              |    30 |    78 |     9 ||   117
Dodge: Dodged            |    78 |   187 |    87 ||   352

Levels and vault maps discovered:
D:1:      dpeg_arrival_orchard, layout_basic,
          hellmonk_ecumenical_altar_prayer_group, serial_co_window_serial,
          co_window_paths_a, co_window_of_opportunity_a, co_window_paths_b,
          co_window_corner_a, co_window_paths_b, co_window_paths_a,
          co_window_paths_a, co_window_paths_b, co_window_corner_a,
          co_window_unsneaky_path_e, co_window_corner_cb, co_window_paths_c,
          co_window_sun
D:2:      layout_basic
D:3:      layout_basic, portal_sewer_entry_c, serial_shops,
          nicolae_shop_behind_doors, minmay_unequal
D:4:      layout_rooms, grunt_ministairs_14

Notes
Turn   | Place    | Note
-------+----------+-------------------------------------------
     0 | D:1      | kae the Draconian Transmuter began the quest for the Orb.
     0 | D:1      | Reached XP level 1. HP: 16/16 MP: 3/3
     0 | D:1      | magus.rc [v1.11.3]
   205 | D:1      | Reached XP level 2. HP: 23/23 MP: 5/5
   364 | D:1      | Learned a level 2 spell: Wereblood
   523 | D:1      | Found a faded altar of an unknown god.
   543 | D:1      | You pick up a book of Dangerous Friends and begin
                  | reading...
   543 | D:1      | You add the spells Summon Guardian Golem, Orb of
                  | Destruction and Spellforged Servitor to your library.
   845 | D:1      | Reached XP level 3. HP: 29/29 MP: 4/6
   849 | D:1      | Learned a level 3 spell: Spider Form
  1328 | D:2      | Reached skill level 2 in Fighting
  1526 | D:2      | Reached XP level 4. HP: 29/36 MP: 5/7
  1795 | D:2      | You add the spells Alistair's Intoxication, Borgnjor's Vile
                  | Clutch and Eringya's Noxious Bog to your library.
  2146 | D:3      | Reached skill level 1 in Poison Magic
  2271 | D:3      | Found a glowing drain.
  2356 | Sewer    | Entered a sewer
  2484 | Sewer    | Reached skill level 4 in Unarmed Combat
  2558 | Sewer    | Noticed a kobold brigand
  2558 | Sewer    | Noticed a kobold brigand
  2566 | Sewer    | HP: 9/37 [kobold brigand/+0 dagger (5)]
  2571 | Sewer    | Killed a kobold brigand
  2571 | Sewer    | HP: 9/37 [kobold/+0 dagger (2)]
  2572 | Sewer    | Reached skill level 2 in Poison Magic
  2572 | Sewer    | Reached XP level 5. HP: 10/42 MP: 3/9
  2582 | Sewer    | HP: 5/63 [kobold brigand/+0 club (3)]
  2583 | Sewer    | HP: 2/63 [kobold brigand/+0 club (3)]
  2584 | Sewer    | Gained mutation: You expend magic power (3 MP) to
                  | strengthen your wands. [potion of mutation]
  2584 | Sewer    | Gained mutation: You have sharp toenails. [potion of
                  | mutation]
  2584 | Sewer    | Gained mutation: Your flesh is heat resistant. (rF+)
                  | [potion of mutation]
  2599 | Sewer    | HP: 11/63 [kobold brigand/+0 club (2)]
  2608 | Sewer    | HP: 12/63 [kobold brigand/+0 club (1)]
  2621 | Sewer    | HP: 12/63 [kobold brigand/+0 club (1)]
  2624 | Sewer    | Reached skill level 3 in Transmutations
  2624 | Sewer    | Reached XP level 6. HP: 15/50 MP: 7/10
  2879 | Sewer    | Reached skill level 3 in Fighting
  3280 | D:3      | Reached skill level 3 in Spellcasting
  3291 | D:3      | Found Kisaoq's Book Emporium.
  3436 | D:3      | Learned a level 4 spell: Ice Form
  4121 | D:3      | Reached skill level 5 in Unarmed Combat
  4229 | D:4      | Reached skill level 1 in Ice Magic
  4270 | D:4      | Your scales start taking on a fiery red colour.
  4270 | D:4      | Reduced skill Ice Magic to level 0
  4270 | D:4      | Reached XP level 7. HP: 48/57 MP: 7/11
  4270 | D:4      | Mutation became permanent: Your flesh is heat resistant.
                  | (rF+) [Red Draconian growth]
  4270 | D:4      | Gained mutation: Your flesh is heat resistant. (rF+) [Red
                  | Draconian growth]
  4272 | D:4      | Reached skill level 1 in Ice Magic
  4813 | D:4      | HP: 14/57 [gnoll/+0 whip[a gnoll bouda] (7)]
  5148 | D:4      | HP: 12/58 [gnoll/+2 spear of venom (10)]
  5149 | D:4      | HP: 5/58 [poisoned by a gnoll]
  5149 | D:4      | Slain by a gnoll

Vanquished Creatures
  3 kobold brigands (Sewer)
  A bullfrog (D:4)
  A gnoll bouda (D:4)
  A hound (D:4)
  An orc priest (D:3)
  An iguana (D:4)
  14 gnolls
  6 adders
  2 river rats (D:3)
  5 worms
  4 dart slugs
  5 orcs (D:3)
  5 endoplasms
  4 giant cockroaches
  12 goblins
  10 hobgoblins
  6 jackals
  4 quokkas
  15 ball pythons
  7 bats
  7 frilled lizards
  12 kobolds
  8 rats
134 creatures vanquished.

Table legend:
 A = Non-vault XP
 B = Vault XP
 C = Vault XP percentage of total XP
 D = Non-vault monster count
 E = Vault monster count
 F = Vault count percentage of total count
                 A         B        C        D         E       F
            +---------+---------+-------+---------+---------+-------
      Total |     611 |     444 |  42.1 |      90 |      44 |  32.8
            +---------+---------+-------+---------+---------+-------
        D:1 |      41 |      10 |  19.6 |      26 |       5 |  16.1
        D:2 |      58 |       0 |   0.0 |      12 |       0 |   0.0
        D:3 |     146 |      40 |  21.5 |      27 |       9 |  25.0
        D:4 |     366 |      58 |  13.7 |      25 |       2 |   7.4
      Sewer |       0 |     336 | 100.0 |       0 |      28 | 100.0
            +---------+---------+-------+---------+---------+-------

Illustrated notes

Table legend:
 A = Kills in this place as a percentage of kills in entire the game.
 B = Kills by you in this place as a percentage of kills by you in the entire game.
 C = Kills by friends in this place as a percentage of kills by friends in the entire game.
 D = Other kills in this place as a percentage of other kills in the entire game.
 E = Experience gained in this place as a percentage of experience gained in the entire game.
 F = Experience gained in this place divided by the number of levels of this place that you have seen.
                   A       B       C       D       E      F
               +-------+-------+-------+-------+-------+----------------------
         Total | 100.0 | 100.0 |   N/A |   N/A | 100.0 | 211.0
       Dungeon |  79.1 |  79.1 |   N/A |   N/A |  68.2 | 179.8
         Sewer |  20.9 |  20.9 |   N/A |   N/A |  31.8 | 336.0
               +-------+-------+-------+-------+-------+----------------------

Table legend: (Time is in decaauts)
 A = Elapsed time spent in this place.
 B = Non-inter-level travel time spent in this place.
 C = Inter-level travel time spent in this place.
 D = Time resting spent in this place.
 E = Time spent auto-exploring this place.
 F = Levels seen in this place.
 G = Mean time per level.
                   A        B        C        D        E       F      G
               +--------+--------+--------+--------+--------+-----+--------+
         Total |   5072 |   4976 |     96 |    412 |   3540 |   5 | 1014.4 |
       Dungeon |   4351 |   4255 |     96 |    279 |   3172 |   4 | 1087.8 |
         Sewer |    721 |    721 |      0 |    133 |    367 |   1 |  721.0 |
               +--------+--------+--------+--------+--------+-----+--------+

Top non-repeatable levels by time:
     D:3: 1522 daAuts
     D:1: 1165 daAuts
     D:2: 883 daAuts
     D:4: 780 daAuts
   Sewer: 721 daAuts
